 Dungeon Crawl Stone Soup version 0.19-a0-1937-g70ed36a (webtiles) character file.

2501 JeffiDaFish the Skirmisher (level 9, -5/79 HPs)
             Began as a Hill Orc Fighter on Oct 27, 2016.
             Was a Priest of Beogh.
             Slain by a killer bee (6 damage)
             ... on level 8 of the Dungeon.
             The game lasted 00:23:02 (6964 turns).

JeffiDaFish the Skirmisher (Hill Orc Fighter)       Turns: 6964, Time: 00:23:03

Health: -5/79      AC: 11    Str: 24    XL:     9   Next: 53%
Magic:  11/11      EV:  7    Int: 16    God:    Beogh [***...]
Gold:   160        SH: 11    Dex: 11    Spells: 1 memorised, 10 levels left

rFire  . . .     SeeInvis .     m - +6 mace of Noxo Ynu {crush, +Fly rElec Str+3 Stlth-}
rCold  . . .     Gourm    .     t - +1 chain mail of Ytoulyb {Int+3}
rNeg   . . .     Faith    .     c - +0 shield
rPois  .         Spirit   .     (no helmet)
rElec  +         Reflect  .     (no cloak)
rCorr  .         Harm     .     (no gloves)
MR     .....     Rnd*Tele +     (no boots)
Stlth  ..........               (no amulet)
                                (no ring)
                                i - +3 ring of intelligence

@: lethally poisoned (-5 -> -17)
A: blurry vision 1, clever 1, teleportitis 1
a: Smiting, Renounce Religion, Evoke Flight


You were on level 8 of the Dungeon.
You worshipped Beogh.
Beogh was most pleased with you.
You were not hungry.

You visited 1 branch of the dungeon, and saw 8 of its levels.
You also visited: Ossuary.

You collected 388 gold pieces.
You spent 228 gold pieces at shops.

Inventory:

Hand Weapons
 a - a +0 war axe
 m - the +6 mace of Noxo Ynu (weapon) {crush, +Fly rElec Str+3 Stlth-}
   (You found it on level 4 of the Dungeon)

   It inflicts extra damage upon your enemies.
   It affects your strength (+3).
   It insulates you from electricity.
   It lets you fly.
   It makes you less stealthy.
Armour
 b - a +0 scale mail
 c - a +0 shield (worn)
 l - a +0 chain mail
 t - the +1 chain mail of Ytoulyb (worn) {Int+3}
   (You bought it in a shop on level 6 of the Dungeon)

   It affects your intelligence (+3).
Jewellery
 i - a +3 ring of intelligence (left hand)
Wands
 h - a wand of acid (15/15)
 v - a wand of acid (7/15)
 w - a wand of enslavement (11/24)
Scrolls
 n - 2 scrolls of identify
 q - 2 scrolls of fog
 u - a scroll of magic mapping
 y - a scroll of blinking
Potions
 d - a potion of magic
 e - a potion of cancellation
 g - a potion of curing
 j - a potion of mutation
 p - a potion of haste
Books
 x - a book of Conjurations

   Spells                             Type                      Level
   a - Magic Dart                     Conjuration                  1
   b - Searing Ray                    Conjuration                  2
   c - Dazzling Spray                 Conjuration/Hexes            3
   d - Fulminant Prism                Conjuration/Hexes            4
   e - Iskenderun's Mystic Blast      Conjuration                  4
   f - Iskenderun's Battlesphere      Conjuration/Charms           5
Comestibles
 f - 7 bread rations
 k - a slice of pizza
 o - 4 meat rations
 r - 4 chunks of flesh
 s - 7 beef jerkies
 z - 2 fruits


   Skills:
 + Level 7.5 Fighting
 - Level 7.0(8.1) Axes
 * Level 5.0(6.3) Maces & Flails
 + Level 6.8 Armour
 - Level 0.8 Dodging
 - Level 0.1 Stealth
 + Level 7.1 Shields
 + Level 1.8 Spellcasting
 + Level 2.0 Conjurations


You had 10 spell levels left.
You knew the following spells:

 Your Spells              Type           Power        Failure   Level  Hunger
a - Magic Dart            Conj           #...         98%         1    ##.....


Dungeon Overview and Level Annotations

Branches:
Dungeon (8/15)             Temple (0/1) D:7
   Lair: D:8-11

Altars:
Elyvilon
Okawaru
Qazlal
Sif Muna
Uskayaw
Xom
Zin

Shops:
D:6 [


Innate Abilities, Weirdness & Mutations

Scrolls take you a little longer to read.
Your mind is acute. (Int +2)
You are occasionally teleported next to monsters.


Message History

The killer bee stings you but does no damage.
Really read with blurry vision while enemies are nearby? [Y]es or [N]o only, please.
Really read with blurry vision while enemies are nearby?
You feel sick. You block the killer bee's attack.
The killer bee stings you but does no damage.
The killer bee stings you.
* * * LOW HITPOINT WARNING * * *
The killer bee completely misses you. The killer bee stings you.
* * * LOW HITPOINT WARNING * * *
You begin reading the scroll.
You continue reading the scroll.
* * * LOW HITPOINT WARNING * * *
You feel sick.
The killer bee stings you but does no damage.
The killer bee barely misses you. You block the killer bee's attack. x2
The killer bee stings you.
* * * LOW HITPOINT WARNING * * *
You are more poisoned.
The killer bee poisons you! The killer bee stings you.
You die...

#....#........
#....#........
#...##(..##...
#...##...# ..
#........# .
#........#######
#..............#
#.yyy..........#
##.@y..........#
##y##.........+
#.##........######
#...........#.....
#.##...##...#.....
#.##...# ...#.....
#.+....######.....
####...#..........
#...#..........


You could see 5 killer bees.

Vanquished Creatures
  A hippogriff (D:7)
  A black bear (D:6)
  An orc warrior (D:4)
  A sky beast (D:5)
  An ogre (D:7)
  4 centaurs
  An elf zombie (Ossuary)
  A wyvern skeleton (D:8)
  A scorpion (D:5)
  A killer bee (D:8)
  A howler monkey (D:5)
  4 wights (D:6)
  A crimson imp (D:7)
  2 human zombies (Ossuary)
  A centaur zombie (Ossuary)
  An orc priest (D:6)
  7 orc wizards
  2 hounds (D:4)
  Jessica (D:3)
  3 worker ants
  An iguana (D:4)
  Natasha (D:4)
  A big kobold zombie (Ossuary)
  A hound skeleton (D:5)
  2 mummies (Ossuary)
  A worker ant zombie (D:2)
  A howler monkey skeleton (D:6)
  10 adders
  11 gnolls
  2 oozes
  5 adder zombies
  2 worms (D:3)
  2 adder skeletons
  2 dart slugs
  8 leopard geckos
  16 orcs
  8 bats
  2 bat zombies (D:2)
  2 giant cockroaches
  9 hobgoblins
  8 jackals
  6 quokkas
  2 ball pythons
  A ball python skeleton (D:2)
  4 frilled lizards
  A giant cockroach zombie (D:2)
  15 goblins
  10 hobgoblin zombies (Ossuary)
  A jackal skeleton (D:5)
  9 kobolds
  9 kobold zombies (Ossuary)
  A leopard gecko zombie (D:4)
  8 orc zombies (Ossuary)
  2 quokka skeletons
  8 rats
  A rat zombie (Ossuary)
  A bush (D:3)
210 creatures vanquished.

Vanquished Creatures (collateral kills)
  A hippogriff (D:8)
  A sky beast (D:8)
  A bullfrog (D:8)
  An orc priest (D:8)
  A gnoll (D:8)
  A shadow imp (D:7)
  A leopard gecko (D:8)
  A quokka (D:8)
8 creatures vanquished.

Vanquished Creatures (others)
  A scorpion (D:7)
  An orc priest (D:4)
  A worker ant (D:4)
  A quokka (D:3)
  A frilled lizard (D:4)
5 creatures vanquished.

Grand Total: 223 creatures vanquished

Notes
Turn   | Place    | Note
-------+----------+-------------------------------------------
     0 | D:1      | JeffiDaFish the Hill Orc Fighter began the quest for the Orb.
     0 | D:1      | Reached XP level 1. HP: 19/19 MP: 1/1
    73 | D:1      | Reached XP level 2. HP: 26/27 MP: 2/2
   530 | D:1      | Reached XP level 3. HP: 33/33 MP: 3/3
   891 | D:2      | Reached XP level 4. HP: 35/40 MP: 4/4
  1457 | D:3      | Reached XP level 5. HP: 42/46 MP: 5/5
  1490 | D:3      | Found a deep blue altar of Sif Muna.
  1792 | D:3      | Reached skill level 5 in Axes
  2279 | D:3      | Found a white marble altar of Elyvilon.
  2507 | D:3      | Noticed Jessica
  2514 | D:3      | Killed Jessica
  2514 | D:3      | Reached XP level 6. HP: 53/53 MP: 6/6
  2790 | D:4      | Noticed an orc warrior
  2805 | D:4      | Killed an orc warrior
  3139 | D:4      | Became a worshipper of Beogh the Brigand
  3171 | D:4      | Reached XP level 7. HP: 40/60 MP: 7/7
  3719 | D:4      | Got a slimy mace
  3723 | D:4      | Identified the +6 mace of Noxo Ynu {crush, +Fly rElec Str+3 Stlth-} (You found it on level 4 of the Dungeon)
  3728 | D:4      | Noticed Natasha
  3733 | D:4      | Reached skill level 5 in Fighting
  3733 | D:4      | Reached skill level 5 in Shields
  3738 | D:4      | Killed Natasha
  3915 | D:5      | Entered Level 5 of the Dungeon
  3918 | D:5      | Reached skill level 1 in Maces & Flails
  4014 | D:5      | Reached skill level 5 in Armour
  4142 | D:5      | Found a glowing silver altar of Zin.
  4464 | D:5      | Reached XP level 8. HP: 60/70 MP: 8/8
  4697 | D:6      | Found a hide-covered altar of Uskayaw.
  4708 | D:6      | Reached * piety under Beogh
  4805 | D:6      | Found a shimmering altar of Xom.
  5318 | D:6      | Found Vujank's Antique Armour Shop.
  5323 | D:6      | Bought a spiked chain mail for 228 gold pieces
  5334 | D:6      | Identified the cursed +1 chain mail of Ytoulyb {Int+3} (You bought it in a shop on level 6 of the Dungeon)
  5539 | D:7      | Found a stormy altar of Qazlal.
  5560 | D:7      | Found an iron altar of Okawaru.
  5775 | D:7      | Learned a level 1 spell: Magic Dart
  5951 | D:7      | Found a staircase to the Ecumenical Temple.
  5982 | D:7      | Found a sand-covered staircase.
  5987 | Ossuary  | Entered an ossuary
  6000 | Ossuary  | Reached ** piety under Beogh
  6122 | Ossuary  | Reached XP level 9. HP: 52/79 MP: 8/10
  6132 | Ossuary  | Reached skill level 1 in Conjurations
  6247 | Ossuary  | Reached *** piety under Beogh
  6247 | Ossuary  | Reached skill level 1 in Spellcasting
  6334 | Ossuary  | Gained mutation: Your mind is acute. (Int +2) [potion of mutation]
  6334 | Ossuary  | Gained mutation: Scrolls take you a little longer to read. [potion of mutation]
  6334 | Ossuary  | Gained mutation: You are occasionally teleported next to monsters. [potion of mutation]
  6724 | D:8      | Reached skill level 5 in Maces & Flails
  6964 | D:8      | HP: 3/79 [poisoned by a killer bee]
  6964 | D:8      | HP: 1/79 [killer bee (2)]
  6964 | D:8      | Slain by a killer bee

Vault maps used:
D:1:      dpeg_arrival_more_subterranean_lakeside_camping, hex_medium
D:2:      serial_undead, serial_undead_b, serial_undead_a, serial_undead_e,
          serial_undead_a, first_bread
D:3:      led_sif_book, elyvilon_altar_4, minmay_hedge_maze, uniq_jessica
D:4:      uniq_natasha
D:5:      basic_altar
D:6:      lemuel_doored_altar, tgw_xom, serial_shops,
          nicolae_shop_overgrown_old_shop, sigmund_army
D:7:      nicolae_qazlal_eye_of_the_storm, enter_ossuary_2,
          kennysheep_nondescript, grunt_ogre_cave, kennysheep_okawaru_gauntlet
D:8:      marbit_many_paths
Ossuary:  ossuary_tomb_1

Skill      XL: |  1  2  3  4  5  6  7  8  9 |
---------------+----------------------------+-----
Fighting       | 4 5 7 |  7.5
Axes           | 3 4 5 6 7 |  7.0
Shields        | 4 5 6 7 |  7.1
Armour         | 4 5 6 |  6.8
Maces & Flails | 1 4 5 |  5.0
Conjurations   | 2 |  2.0
Spellcasting   | 1 |  1.8
Dodging        | |  0.8
Stealth        | |  0.1

Action                   |  1- 3 |  4- 6 |  7- 9 || total
-------------------------+-------+-------+-------++-------
Melee: War axe           |   104 |   277 |    30 ||   411
       Mace              |       |       |   334 ||   334
Invok: Convert to Beogh  |       |     1 |       ||     1
 Abil: Evoke Flight      |       |       |     1 ||     1
  Use: Scroll            |     4 |     1 |     7 ||    12
       Potion            |     1 |     3 |    11 ||    15
 Stab: Distracted        |       |       |     1 ||     1
  Eat: Chunk             |       |     7 |     7 ||    14
       Bread ration      |       |       |     2 ||     2
Armor: Scale mail        |    72 |   106 |     5 ||   183
       Skin              |       |     5 |       ||     5
       Chain mail        |       |       |   227 ||   227
Dodge: Dodged            |    39 |    57 |   119 ||   215
Block: Shield            |    75 |   112 |   242 ||   429
